 Dungeon Crawl Stone Soup version 0.25.1-8-g42b30a86e7 (webtiles) character file.

Game seed: 13256883532944359946

60 hawla the Chiller (level 3, 20/26 HPs)
             Began as a Draconian Ice Elementalist on Dec 13, 2020.
             Starved to death
             ... on level 2 of the Dungeon.
             The game lasted 00:05:25 (1576 turns).

hawla the Chiller (Draconian Ice Elementalist)      Turns: 1576, Time: 00:05:26

Health: 20/26      AC:  5    Str: 10    XL:     3   Next: 82%
Magic:  6/8        EV: 12    Int: 16    God:
Gold:   17         SH:  0    Dex: 11    Spells: 5/9 levels left

rFire    . . .     SeeInvis .   b - +0 flail
rCold    . . .     Gourm    .   (no shield)
rNeg     . . .     Faith    .   (armour unavailable)
rPois    .         Spirit   .   (helmet restricted)
rElec    .         Reflect  .   (no cloak)
rCorr    .         Harm     .   (no gloves)
MR       .....                  (no boots)
Stlth    ++........             (no amulet)
HPRegen  0.08/turn              (no ring)
MPRegen  0.11/turn              (no ring)

@: fainting
A: unfitting armour, cold-blooded, AC +5
a: no special abilities


You were on level 2 of the Dungeon.
You were fainting.

You visited 1 branch of the dungeon, and saw 3 of its levels.

You collected 17 gold pieces.

Inventory:

Hand Weapons
 b - a +0 flail (weapon)
Potions
 d - a potion of curing


   Skills:
 - Level 1.7 Dodging
 - Level 1.7 Stealth
 - Level 3.6 Spellcasting
 + Level 4.3 Ice Magic


You had 5 spell levels left.
You knew the following spells:

 Your Spells              Type           Power        Failure   Level  Hunger
a - Freeze                Ice            ###.         3%          1    None
b - Frozen Ramparts       Ice            ###...       9%          3    ###....

Your spell library contained the following spells:

 Spells                   Type           Power        Failure   Level  Hunger
 Ozocubu's Armour         Chrm/Ice       #.......     22%         3    ###....
 Hailstorm                Conj/Ice       #.......     58%         4    ####...
 Summon Ice Beast         Ice/Summ       #.......     58%         4    ####...


Dungeon Overview and Level Annotations

Branches:
Dungeon (3/15)

Altars:
Sif Muna

Annotations:
D:3 1 transporter


Innate Abilities, Weirdness & Mutations

Your plain brown scales are hard. (AC +5)
You cannot fit into any form of body armour.
You are cold-blooded and may be slowed by cold attacks.


Message History

The hungry ghost hits you.
You feel slightly more hungry. The hungry ghost hits you.
You feel slightly more hungry.
You closely miss the hungry ghost. The hungry ghost hits you.
You feel slightly more hungry.
You miss the hungry ghost. You tail-slap the hungry ghost.
The hungry ghost is lightly damaged.
The hungry ghost barely misses you.
You closely miss the hungry ghost.
The hungry ghost is lightly damaged.
The hungry ghost hits you.
You feel slightly more hungry. The hungry ghost hits you.
You feel slightly more hungry.
You miss the hungry ghost.
The hungry ghost is lightly damaged.
The hungry ghost hits you.
You feel slightly more hungry.
You barely miss the hungry ghost.
The hungry ghost is lightly damaged.
The hungry ghost closely misses you. The hungry ghost barely misses you.
You miss the hungry ghost.
You have starved to death.
You die...

#...# #.....
#.###.## ##.....
#......# .......
#.####W## .......##
###r.##
........#.##.....#
........#.##.....##
......W.#.##......#
#@#.##......#
#...##......#
#...###.....#
#.....#.#..##
##..#.#.#.##
#..#.#.#.#
##.#+#.#.#
#(....#.#
#.....#.########


You could see a hungry ghost.

Vanquished Creatures
  An adder (D:2)
  A gnoll (D:2)
  An adder skeleton (D:2)
  3 dart slugs (D:1)
  2 bats (D:1)
  A bat zombie (D:2)
  2 giant cockroaches (D:1)
  5 goblins
  7 hobgoblins
  4 kobolds
  4 frilled lizards
  A rat (D:1)
32 creatures vanquished.

Notes
Turn   | Place    | Note
-------+----------+-------------------------------------------
     0 | D:1      | hawla the Draconian Ice Elementalist began the quest for
                  | the Orb.
     0 | D:1      | Reached XP level 1. HP: 14/14 MP: 3/3
   131 | D:1      | Reached XP level 2. HP: 20/20 MP: 1/5
   697 | D:1      | Reached XP level 3. HP: 17/26 MP: 0/7
  1019 | D:2      | Noticed a hungry ghost
  1084 | D:2      | Found a shimmering blue altar of Sif Muna.
  1091 | D:3      | Found a transporter.
  1342 | D:2      | Learned a level 3 spell: Frozen Ramparts
  1576 | D:2      | Starved to death

Illustrated notes

Levels and vault maps discovered:
D:1:      evilmike_arrival_fibonacci_small, layout_basic, minivault_14
D:2:      layout_basic, nicolae_ru_path_of_blood, lemuel_crystal_altar,
          serial_undead, serial_undead_a, serial_undead_e, serial_undead_c,
          serial_undead_f, serial_undead_d, serial_undead_b, serial_undead_d,
          serial_undead_c, serial_undead_f, serial_undead_c, minmay_hexomino_u4,
          uniq_natasha
D:3:      gammafunk_wand_slinger, layout_rooms, lemuel_round_altar,
          old_standard_altar, first_ration, chequers_ecumenical_altar_lobes,
          uniq_jessica, uniq_sigmund

Skill      XL: |  1  2 |
---------------+-------+-----
Spellcasting   | 3 |  3.6
Dodging        | |  1.7
Stealth        | |  1.7
Ice Magic      | |  4.3

Action                   || total
-------------------------++-------
Melee: Unarmed           ||    42
       Tailslap          ||     4
       Flail             ||    29
 Cast: Freeze            ||    48
       Frozen Ramparts   ||     3
  Use: Scroll            ||     3
       Potion            ||     2
  Eat: Chunk             ||     5
       Ration            ||     1
Armor: Skin              ||    53
Dodge: Dodged            ||    77
